Map: Mech-Depot LE

Players

Panda - Winner!

  • Race: Zerg Zerg
  • League: Diamond
  • Spawn Location: 1:00

Dexter

  • Race: Terran Terran
  • League: Diamond
  • Spawn Location: 7:00

VOD

Have the link to the VOD?

Description

Time

  • Played on: Sept. 9, 2017, 3:15 p.m.
  • Length: 4:12
Show
View Real Time Build Order
Export as new Build Order

Panda Zerg - Winner!

Build Orders: Pool Only 

Get SALT Encoding   

  12  0:18  Spawning Pool  
  11  0:21  Drone  
  11  0:26  Drone  
  13  0:31  Drone  
  14  0:36  Extractor  
  14  0:40  Drone  
  14  0:47  Overlord  
  14  0:56  Extractor  
  13  1:01  Drone  
  14  1:09  Roach Warren  
  13  1:15  Drone  
  14  1:18  Zergling x2  
  15  1:49  Roach  
  15  1:50  Roach x2  
  21  2:00  Overlord  
  21  2:18  Roach  
  23  2:33  Ravager x2  
  23  2:34  Ravager  
  26  2:37  Roach  
  27  3:15  Roach  
  26  3:37  Roach x2  
Show
View Real Time Build Order
Export as new Build Order

Dexter Terran 

Build Orders: Reaper Expand 

Get SALT Encoding   

  12  0:00  SCV  
  13  0:13  SCV  
  14  0:17  Supply Depot  
  14  0:25  SCV  
  15  0:39  Barracks, SCV  
  16  0:48  Refinery  
  16  0:51  SCV  
  17  1:03  SCV  
  18  1:15  SCV  
  19  1:27  Orbital Command  
  19  1:30  Reaper  
  20  1:44  Command Center  
  20  1:53  SCV  
  21  1:58  Barracks  
  21  2:05  SCV  
  22  2:10  Refinery  
  22  2:17  Barracks Reactor, SCV  
  23  2:22  Supply Depot  
  23  2:29  SCV  
  23  2:37  Factory  
  23  2:45  SCV  
  23  2:48  Barracks Tech Lab  
  24  3:05  Marine x3  
  25  3:27  Marine x3  
  19  3:28  SCV  
  18  3:44  Marine  
  16  3:58  SCV  
Tags
 
Add a new tag
Caveats
  • Supply blocks, unpowered buildings, or Contaminate may cause inaccurate times.
  • Supply counts are checked every 10 seconds.